[Event "*** Titled Tuesday Blitz"]
[Site "Chess.com"]
[Date "2021.03.16"]
[Round "1"]
[White "Thee-Chessboy"]
[Black "BogdanDeac"]
[Result "0-1"]
[WhiteElo "2493"]
[BlackElo "2984"]
[TimeControl "180+1"]
[EndTime "10:07:04 PDT"]
[Termination "BogdanDeac won by resignation"]

1. d4 g6 2. Nf3 Bg7 3. g3 d6 4. Bg2 Nd7 5. O-O Nh6 6. e4 O-O 7. Re1 e5 8. dxe5 dxe5 9. Nc3 c6 10. Qd6 f6 11. Bxh6 Bxh6 12. Rad1 Qe8 13. Bh3 Nb6 14. Bxc8 Rxc8 15. b3 Rf7 16. Qa3 Ra8 17. Rd3 Bf8 18. Qa5 Nd7 19. b4 b6 20. Qa4 b5 21. Qb3 a5 22.
Red1 Kg7 23. Qxf7+ Kxf7 24. Rxd7+ Kg8 25. bxa5 Bb4 26.
Ne2 Bxa5 27. h4 Rd8 28. Rxd8 Bxd8 29. h5 Bb6 30. hxg6 hxg6 31. Kg2 Qe6 32. Nh4 Qxa2 33.
Rd2 Kf7 34. Rd7+ Ke8 35. Rd2 Ba5 36. Rd6 Qxc2 37. Kf3 f5 38. exf5 gxf5 0-1

[Event "*** Titled Tuesday Blitz"]
[Site "Chess.com"]
[Date "2021.03.16"]
[Round "1"]
[White "mitrabhaa"]
[Black "Kotofeyca"]
[Result "1-0"]
[WhiteElo "2692"]
[BlackElo "2356"]
[TimeControl "180+1"]
[EndTime "10:07:04 PDT"]
[Termination "mitrabhaa won by resignation"]

1. d4 d5 2. c4 c6 3. Nf3 Nf6 4. e3 a6 5. Nbd2 Bg4 6. Qb3 Qc7 7. c5 Nbd7 8. h3 Bxf3 9. Nxf3 e5 10. Bd2 exd4 11. exd4 Ne4 12. Bd3 Ndf6 13. Be3 g6 14. O-O Bg7 15. Rfe1 O-O 16. Ne5 Nd7 17. Nxd7 Qxd7 18.
Rad1 Rae8 19. f3 Ng3 20. Bf2 Qc7 21. Qc2 Qf4 22. Qc1 Qxc1 23. Rxc1 Nf5 24. Bxf5 gxf5 25.
Kf1 Re6 26. Rcd1 Rfe8 27. Bg3 Rxe1+ 28. Bxe1 h5 29. Bf2 Bf6 30. b4 Kg7 31. a4 Kg6 32.
Rd3 Bg5 33. Rb3 Ra8 34. Bg3 Bf6 35. Rd3 Re8 36. Bd6 Re6 37. Kf2 Re8 38. Bf4 Bh4+ 39. g3 Bf6 40. Be3 Re6 41. Rb3 Re8 42. b5 axb5 43.
axb5 Ra8 44. bxc6 bxc6 45. Rb6 Ra2+ 46. Ke1 Ra1+ 47. Ke2 Ra2+ 48. Bd2 Bxd4 49. Rxc6+ f6 50. Kd3 Bf2 51. Bf4 Ra5 52. Bd6 Ra3+ 53. Ke2 Bd4 54. Rc8 Re3+ 55. Kd2 Rxf3 56. c6 Rc3 57. c7 Rc6 58. Rg8+ Kf7 59. c8=Q Rxc8 60. Rxc8 Ke6 61. Bf4 Be5 62. Kd3 h4 63. Rg8 hxg3 64. Bxg3 f4 65. Bf2 Kf5 66. h4 f3 67. h5 Bf4 68. Kd4 Bg5 69. Kxd5 Kg4 70. h6 Kh3 71. h7 Kg2 72.
Bd4 f2 73. Bxf2 Kxf2 74. h8=Q 1-0

[Event "*** Titled Tuesday Blitz"]
[Site "Chess.com"]
[Date "2021.03.16"]
[Round "1"]
[White "LamaChampetre"]
[Black "Omk124"]
[Result "0-1"]
[WhiteElo "2227"]
[BlackElo "2555"]
[TimeControl "180+1"]
[EndTime "10:07:05 PDT"]
[Termination "Omk124 won on time"]

1. d4 Nf6 2. c4 g6 3. Nc3 d5 4. cxd5 Nxd5 5. e4 Nxc3 6. bxc3 Bg7 7. Be3 c5 8. Nf3 Qa5 9. Qd2 O-O 10. Rc1 Rd8 11. d5 e6 12. Bg5 f6 13. Bf4 exd5 14. exd5 Nd7 15. Bh6 b6 16. Bc4 Re8+ 17. Be3 Ba6 18. Bxa6 Qxa6 19. c4 Ne5 20. Nxe5 Rxe5 21. O-O Re4 22. d6 Qb7 23. Rfd1 Rd8 24. Qd3 Bf8 25.
f3 Re6 26. d7 Re7 27. Qc3 Bg7 28. Bf4 Rexd7 29. Re1 f5 30. Be5 Qc6 31. h3 Rd3 32.
Qb2 Rd2 33. Qc3 R8d3 34. Qa1 Bh6 35. Bf6 Rxg2+ 36. Kh1 Qxf3 37. Re8+ Kf7 38. Re7+ Kf8 39. Rf7+ Kxf7 0-1

[Event "*** Titled Tuesday Blitz"]
[Site "Chess.com"]
[Date "2021.03.16"]
[Round "1"]
[White "VladaSviridova"]
[Black "Mikhail_Golubev"]
[Result "0-1"]
[WhiteElo "2226"]
[BlackElo "2552"]
[TimeControl "180+1"]
[EndTime "10:07:05 PDT"]
[Termination "Mikhail_Golubev won by resignation"]

1. d4 Nf6 2. c4 g6 3. Nc3 Bg7 4. e4 d6 5. Nf3 O-O 6. Be2 e5 7.
O-O Nc6 8. d5 Ne7 9. Ne1 Ne8 10.
Be3 f5 11. f3 f4 12. Bf2 g5 13.
c5 Ng6 14. Rc1 Rf7 15. Nd3 h5 16. Kh1 Bf8 17. Rg1 Nf6 18. g3 fxg3 19. Rxg3 g4 20. fxg4 Nxg4 21. Bg1 Bh6 22. Rc2 Rg7 23. h3 Qh4 24.
Qe1 Nf4 25. Rxg4 Rxg4 26. Qxh4 Rxh4 27. Nxf4 Bxf4 28. Bf1 Bxh3 29. Bf2 Bxf1+ 30. Bxh4 dxc5 31. Rf2 Bd3 32. Ne2 Bxe4+ 33. Kg1 Be3 34. Kf1 Bxf2 35.
Kxf2 Bxd5 36. Ke3 Rf8 37. Nc3 c6 38. Be7 Rf3+ 39. Ke2 Rh3 40. Bxc5 Rh2+ 41. Ke3 Rxb2 42. Bxa7 h4 43. Bc5 h3 0-1

[Event "*** Titled Tuesday Blitz"]
[Site "Chess.com"]
[Date "2021.03.16"]
[Round "1"]
[White "ariosp"]
[Black "DvaHrasta"]
[Result "0-1"]
[WhiteElo "2192"]
[BlackElo "2530"]
[TimeControl "180+1"]
[EndTime "10:07:06 PDT"]
[Termination "DvaHrasta won on time"]

1. e4 c6 2. d4 d5 3. Nc3 dxe4 4. Nxe4 Nf6 5. Nxf6+ exf6 6. Bc4 Bd6 7. Qe2+ Qe7 8.
Qxe7+ Kxe7 9. Ne2 Be6 10. Bb3 a5 11. Bf4 a4 12. Bxe6 fxe6 13. O-O-O g5 14. Bxd6+ Kxd6 15. Rhe1 Nd7 16. Rd3 b5 17. Ng3 f5 18. Rde3 Rae8 19. Nxf5+ Kc7 20. Ng7 Reg8 21. Nxe6+ Kb6 22. f3 h5 23. b3 axb3 24. axb3 b4 25. Kb2 Rh6 26. c4 bxc3+ 27. Kxc3 Nf6 28. Re5 Nd5+ 29. Kc4 Ra8 30. Nc5 g4 31. R5e4 Ra2 32. R4e2 Rxe2 33. Rxe2 gxf3 34.
gxf3 Rg6 35. Re5 h4 36. Rh5 Ne3+ 37. Kd3 Ng2 38. Rh7 Nf4+ 0-1

[Event "*** Titled Tuesday Blitz"]
[Site "Chess.com"]
[Date "2021.03.16"]
[Round "1"]
[White "alexrustemov"]
[Black "Babas"]
[Result "1-0"]
[WhiteElo "2791"]
[BlackElo "2418"]
[TimeControl "180+1"]
[EndTime "10:07:10 PDT"]
[Termination "alexrustemov won on time"]

1. d4 Nf6 2. c4 c5 3. Nf3 cxd4 4. Nxd4 e5 5. Nb5 d5 6. cxd5 a6 7. N5c3 Bc5 8. h3 O-O 9. g4 e4 10. Bg2 e3 11. Bxe3 Bxe3 12. fxe3 Re8 13. Qd4 Nbd7 14. Nd2 Ne5 15. O-O Ng6 16. Nf3 Bd7 17. Rad1 Qe7 18. Rd3 Rad8 19. d6 Qf8 20. Nd5 Nxd5 21.
Qxd5 Bc6 22. Qd4 Re4 23. Qc5 Rde8 24. Nd2 R4e5 25. Qd4 Bxg2 26. Kxg2 R5e6 27. Nc4 Re4 28. Qd5 h5 29. Kg3 h4+ 30. Kg2 b5 31. d7 bxc4 32.
dxe8=Q Qxe8 33. Rc3 Rxe3 34. Rxe3 Qxe3 35. Qxf7+ Kh7 36.
Qf3 Qe5 37. Qc3 Qxe2+ 38. Rf2 Nf4+ 39. Kg1 Qd1+ 40. Kh2 Ne2 41. Rxe2 Qxe2+ 42. Kg1 Qd1+ 43. Kf2 Qb1 44. a3 Qe4 45. Qe3 Qc2+ 46. Qe2 1-0

[Event "*** Titled Tuesday Blitz"]
[Site "Chess.com"]
[Date "2021.03.16"]
[Round "1"]
[White "RobPeresian"]
[Black "GoltsevDmitry2000"]
[Result "0-1"]
[WhiteElo "2434"]
[BlackElo "2824"]
[TimeControl "180+1"]
[EndTime "10:07:11 PDT"]
[Termination "GoltsevDmitry2000 won on time"]

1. Nf3 d5 2. d4 c6 3. c4 Nf6 4. Nc3 dxc4 5. e3 b5 6. a4 b4 7. Na2 a5 8. Bxc4 e6 9. O-O Be7 10. Qe2 O-O 11. Bd2 Bb7 12. Rfd1 Nbd7 13. Nc1 Qb6 14. Nb3 c5 15. Be1 Rfd8 16. Rac1 Rac8 17. Bb5 cxd4 18. Nfxd4 Rxc1 19. Rxc1 Nc5 20. f3 e5 21.
Nxc5 Bxc5 22. Nf5 g6 23. Qc4 Bxe3+ 24. Nxe3 Qxe3+ 25. Bf2 Qd2 26. Re1 e4 27. Qc7 Ba8 28. Bc4 Rf8 29. Qxa5 exf3 30. gxf3 Bxf3 31. Qe5 Ng4 32. Qg3 Nxf2 33. Qxf2 Qg5+ 34. Qg3 Qc5+ 35. Qf2 Qxc4 36. Qxf3 Qc2 37. Qf2 Qxa4 0-1

[Event "*** Titled Tuesday Blitz"]
[Site "Chess.com"]
[Date "2021.03.16"]
[Round "1"]
[White "esrosenberg"]
[Black "ValeriyGrinev"]
[Result "0-1"]
[WhiteElo "2209"]
[BlackElo "2550"]
[TimeControl "180+1"]
[EndTime "10:07:13 PDT"]
[Termination "ValeriyGrinev won on time"]

1. Nf3 g5 2. Nxg5 e5 3. d3 d5 4. e4 Nf6 5. exd5 Nxd5 6. Qh5 Qf6 7. Ne4 Qg7 8. Be2 Nc6 9. Nbc3 Ndb4 10. O-O Nxc2 11.
Nd5 Be6 12. Nxc7+ Kd7 13. Nxa8 Nxa1 14. Bg5 Be7 15. Rxa1 Rxa8 16. Rc1 Nd4 17. Bf1 f6 18. Be3 Qg6 19. Qxg6 hxg6 20. Bxd4 exd4 21. Nc5+ Bxc5 22. Rxc5 Bxa2 23. g3 Kd6 24. Ra5 Bd5 25. Bg2 Bxg2 26. Kxg2 a6 27. h4 Rc8 28. h5 gxh5 29. Rxh5 Rc2 30.
b4 Rb2 31. Rh6 Ke5 32. Rh5+ Ke6 33. Rh8 Rxb4 34. Re8+ Kf7 35. Rd8 a5 36. Ra8 a4 37.
Kf3 b5 38. Ke4 Rb3 39. Kxd4 a3 40. f4 b4 41. Kc4 Rb2 42. g4 a2 43. f5 b3 44.
Ra7+ Kg8 45. Kd5 Rb1 46. Ke6 a1=Q 47. Rxa1 Rxa1 48. Kxf6 Rg1 49. g5 b2 50. g6 b1=Q 51. d4 Qb6+ 0-1

[Event "*** Titled Tuesday Blitz"]
[Site "Chess.com"]
[Date "2021.03.16"]
[Round "1"]
[White "boasovietica"]
[Black "tptagain"]
[Result "1/2-1/2"]
[WhiteElo "2466"]
[BlackElo "2874"]
[TimeControl "180+1"]
[EndTime "10:07:17 PDT"]
[Termination "Game drawn by agreement"]

1. e4 c6 2. d4 d5 3. exd5 cxd5 4. Bd3 Nc6 5. c3 e6 6. Nf3 Bd6 7. O-O Nge7 8. Bg5 f6 9. Bh4 O-O 10. Bg3 e5 11. dxe5 fxe5 12. Bc2 Bg4 13. Bb3 Bxf3 14. gxf3 Bc7 15. Re1 Kh8 16. Na3 Qd7 17. Qe2 Ng6 18.
Rad1 d4 19. Nb5 Bb6 20. cxd4 Nxd4 21. Nxd4 Bxd4 22. Bxe5 Nxe5 23. Qxe5 Rae8 24. Be6 Bxe5 25. Bxd7 Re7 26. Bg4 g6 27. Kg2 h5 28. Bh3 Rfe8 29. Bd7 Rd8 30. Ba4 Rxd1 31. Bxd1 Kg7 32. f4 Bd6 33.
Rxe7+ Bxe7 34. f5 h4 35. fxg6 Kxg6 36. h3 Kf5 37. Kf3 Bf6 38. b3 Bd4 39. Bc2+ Ke5 40. Be4 b6 41. Bc6 a5 42. Bb5 Bc5 43. Bc4 Bd4 44.
Ke2 Kf4 45. Bd5 Bc5 46. Bg2 Bd4 47. Bc6 Bc5 1/2-1/2

[Event "*** Titled Tuesday Blitz"]
[Site "Chess.com"]
[Date "2021.03.16"]
[Round "1"]
[White "Alexander_Moskalenko"]
[Black "kobemagic"]
[Result "1-0"]
[WhiteElo "2759"]
[BlackElo "2405"]
[TimeControl "180+1"]
[EndTime "10:07:17 PDT"]
[Termination "Alexander_Moskalenko won on time"]

1. e4 Nf6 2. e5 Nd5 3. d4 d6 4.
Nf3 dxe5 5. Nxe5 c6 6. Bc4 Nd7 7. Nf3 N7f6 8. h3 Bf5 9. O-O e6 10. Re1 Bd6 11. c3 O-O 12. Nbd2 b5 13. Bb3 a5 14. a3 a4 15. Ba2 Qc7 16. Nh4 Bg6 17. Nxg6 hxg6 18. Ne4 c5 19. Nxd6 Qxd6 20. Bg5 cxd4 21.
Qxd4 Qc6 22. Rad1 Rac8 23. h4 Qc5 24. Qxc5 Rxc5 25. g3 Rcc8 26. Rd4 Ne7 27. Rb4 Rc5 28. Be3 Re5 29. Rc1 Nc6 30. Rf4 Rd8 31. c4 b4 32.
c5 b3 33. Bb1 Nd5 34. Rxa4 Nxe3 35. fxe3 Rxe3 36. Kf2 Red3 37. Bxd3 Rxd3 38. Ra6 Nd4 39.
c6 Rd2+ 40. Ke3 1-0

[Event "*** Titled Tuesday Blitz"]
[Site "Chess.com"]
[Date "2021.03.16"]
[Round "1"]
[White "HanSchut"]
[Black "NateSolon"]
[Result "0-1"]
[WhiteElo "2232"]
[BlackElo "2563"]
[TimeControl "180+1"]
[EndTime "10:07:17 PDT"]
[Termination "NateSolon won by resignation"]

1. e4 c5 2. Nf3 d6 3. d4 cxd4 4. Nxd4 Nf6 5. f3 Nc6 6. c4 e5 7. Nc2 Be7 8. Nc3 O-O 9. Be3 Be6 10.
Qd2 a6 11. b3 Nh5 12. g3 f5 13.
exf5 Bxf5 14. Bd3 Bxd3 15. Qxd3 Rxf3 16. Qd5+ Rf7 17. Qd1 Nf6 18. O-O b5 19. cxb5 axb5 20.
Nd5 Rb8 21. Nxf6+ Bxf6 22. Qd5 Ne7 23. Qe6 Nc8 24. Nb4 Qd7 25. Qd5 Ne7 26. Qd2 d5 27. Bc5 d4 28. Rac1 Nd5 29. Nxd5 Qxd5 30. Rfe1 e4 31. b4 Rd8 32. Rcd1 d3 33. Qe3 Bc3 34. Qxe4 Bxe1 35. Qxe1 Qf3 36. Rd2 h5 37. Rf2 Qxf2+ 38. Qxf2 Rxf2 39. Bxf2 d2 0-1

[Event "*** Titled Tuesday Blitz"]
[Site "Chess.com"]
[Date "2021.03.16"]
[Round "1"]
[White "northridgehawk"]
[Black "Volodar_Murzin"]
[Result "0-1"]
[WhiteElo "2351"]
[BlackElo "2667"]
[TimeControl "180+1"]
[EndTime "10:07:19 PDT"]
[Termination "Volodar_Murzin won by resignation"]

1. e4 c5 2. Nf3 d6 3. d4 cxd4 4. Nxd4 Nf6 5. Nc3 a6 6. h3 b5 7.
g4 Bb7 8. Bg2 Nc6 9. O-O Nxd4 10.
Qxd4 e5 11. Qd3 Be7 12. a4 b4 13. Nd5 Bxd5 14. exd5 O-O 15. Be3 Nd7 16. a5 Bg5 17. Ra4 Bxe3 18. Qxe3 Rb8 19. Qe2 Nc5 20. Raa1 Rb5 21.
Qc4 b3 22. cxb3 Rxb3 23. f4 e4 24. Rf2 Qb8 25. Bxe4 Rb4 26. Bxh7+ Kxh7 27. Qc2+ Kg8 28. f5 Re8 29. f6 g6 30. Qd2 Kh7 31. Rf5 Ne4 32. Qe1 Rh8 33. Rf4 Qa7+ 34. Kg2 Rxb2+ 35. Kf3 Rf2+ 36. Kxe4 Re8+ 37. Kd3 Rxe1 38. Rxe1 Rxf4 39. Re7 Qd4+ 40. Kc2 Rf2+ 41. Kb3 Rb2+ 0-1

[Event "*** Titled Tuesday Blitz"]
[Site "Chess.com"]
[Date "2021.03.16"]
[Round "1"]
[White "Koksik_13"]
[Black "Hangar-18"]
[Result "1-0"]
[WhiteElo "2686"]
[BlackElo "2355"]
[TimeControl "180+1"]
[EndTime "10:07:20 PDT"]
[Termination "Koksik_13 won by resignation"]

1. d4 Nf6 2. Nc3 d5 3. Bf4 c6 4. e3 Bf5 5. f3 Bg6 6. g4 h6 7. h4 e6 8. h5 Bh7 9. Bd3 Qa5 10.
Bxh7 Nxh7 11. Ne2 Nd7 12. Qd2 Be7 13. Kf2 O-O 14. Kg2 c5 15. e4 dxe4 16. fxe4 cxd4 17. Nxd4 Bg5 18. Nf3 Rad8 19. Bxg5 Nxg5 20. Nxg5 Qxg5 21. Qxg5 hxg5 22. Rad1 Ne5 23. Kg3 a6 24. Ne2 Nc4 25. b3 Ne5 26. c4 f5 27. gxf5 exf5 28. exf5 Rxd1 29. Rxd1 Rxf5 30. Nd4 Rf4 31. Ne6 Rg4+ 32. Kh3 Rh4+ 33. Kg3 Rxh5 34. Rf1 g4 35. Rf8+ Kh7 36. Re8 Rh3+ 37. Kg2 Nf3 38. Nf8+ Kh6 39. Re6+ Kg5 40.
Rg6+ Kf5 41. Rxg7 Rh2+ 42. Kg3 Rh3+ 43. Kf2 Rh2+ 44. Ke3 Rxa2 45. Rxb7 Ne5 46. Nd7 Ng6 47. Nc5 g3 48. Rf7+ Kg4 49. Rg7 Kh5 50. Rh7+ Kg5 51. Ne4+ Kf5 52. Nxg3+ Ke5 53. Rh5+ Kd6 54. Rh6 Kc5 55.
Rxg6 Ra3 56. Ne4+ Kb4 57. Rb6+ Ka5 58. Rb8 Ra2 59. b4+ Ka4 60. Nc3+ 1-0

[Event "*** Titled Tuesday Blitz"]
[Site "Chess.com"]
[Date "2021.03.16"]
[Round "1"]
[White "MagzyPotato"]
[Black "Buffy7"]
[Result "1-0"]
[WhiteElo "2356"]
[BlackElo "2630"]
[TimeControl "180+1"]
[EndTime "10:07:20 PDT"]
[Termination "MagzyPotato won by resignation"]

1. d4 Nf6 2. c4 g6 3. Nc3 d5 4. cxd5 Nxd5 5. e4 Nxc3 6. bxc3 Bg7 7. Nf3 c5 8. Rb1 O-O 9. Be2 b6 10. O-O Bb7 11. d5 Bxc3 12. h4 e6 13. Qb3 Bg7 14. dxe6 Bxe4 15. exf7+ Kh8 16. Ng5 Bxb1 17. Ne6 Qd6 18.
Nxg7 Nc6 19. Bb2 Nd4 20. Ne6 Qe5 21. Rxb1 Nxe2+ 22. Kf1 Nd4 23. Re1 Qf6 24. Nxd4 cxd4 25. Re4 Qxf7 26. Bxd4+ Kg8 27. Re7 Rad8 28. Rxf7 Rxf7 29.
Be3 Rd7 30. h5 gxh5 31. Qb5 Rd1+ 32. Ke2 Rd6 33. Qg5+ Rg6 34. Qxh5 Re7 35. g4 a5 36. Qf5 Rf7 37. Qc8+ Rf8 38. Qc4+ Rf7 39. Qb3 Rxg4 40. Bxb6 Re4+ 41. Be3 Rg4 42. Qb8+ Rf8 43. Qe5 Rg6 44. Bd4 h6 45. Qh8+ Kf7 46. Qh7+ Ke6 47. Qxg6+ Kd5 48. Be3 Re8 49. Qxe8 a4 1-0

[Event "*** Titled Tuesday Blitz"]
[Site "Chess.com"]
[Date "2021.03.16"]
[Round "1"]
[White "NicoChasin"]
[Black "chesslh19"]
[Result "1-0"]
[WhiteElo "2606"]
[BlackElo "2266"]
[TimeControl "180+1"]
[EndTime "10:07:20 PDT"]
[Termination "NicoChasin won on time"]

1. e4 e5 2. Nf3 Nf6 3. Nxe5 d6 4.
Nd3 Nxe4 5. Qe2 Qe7 6. Nf4 Nf6 7.
Nc3 c6 8. d4 Qxe2+ 9. Bxe2 Bf5 10. Bd3 Bxd3 11. Nxd3 Be7 12. Bf4 O-O 13. f3 Nbd7 14.
Kf2 Rfe8 15. Rhe1 Bf8 16. g4 Nb6 17. Ne2 Nfd5 18. Bc1 a5 19. b3 Nb4 20. Nxb4 axb4 21. a4 bxa3 22. Rxa3 d5 23. Rxa8 Rxa8 24. Bd2 Nd7 25.
c4 dxc4 26. bxc4 b5 27. cxb5 cxb5 28. Rb1 Rb8 29. d5 f6 30. Bb4 Bxb4 31. Rxb4 Kf7 32. Nd4 Rb7 33. Nxb5 Ke7 34. Re4+ Kd8 35. Nd6 Rb2+ 36.
Kg3 Rd2 37. Re8+ Kc7 38. Nf5 Rxd5 39. Nxg7 Ne5 40. Re7+ Rd7 41. Rxd7+ Kxd7 42. Kf4 Ke7 43. Nf5+ Kf7 44. Nd4 Nd3+ 45. Kf5 Ne1 46. f4 Ng2 47.
Ke4 Ne1 48. Ke3 Ng2+ 49. Kf3 Ne1+ 50. Ke2 Ng2 51. Kf3 Ne1+ 52. Kg3 Nd3 53. Nf5 Nc5 54. Kf3 Nd7 55. h4 Nf8 56. h5 Ne6 57.
Ke4 Nf8 58. Nd6+ Ke6 59. Nb7 Kf7 60. Kf5 Ne6 61. Nd6+ Ke7 62. Nc8+ Kf7 63. Nd6+ Ke7 64. Nb5 Nc5 65. Nd4 Nd7 66. Ne6 Kf7 67. h6 Ke7 68.
Nd4 Kf7 69. Ke4 Nc5+ 70. Kd5 Nd3 71. f5 Nf2 72. g5 fxg5 73. Ke5 Nh3 74. f6 Nf2 75.
Kf5 g4 76. Ne6 g3 77. Ng5+ Kf8 78. Nxh7+ 1-0

[Event "*** Titled Tuesday Blitz"]
[Site "Chess.com"]
[Date "2021.03.16"]
[Round "1"]
[White "JiiHart"]
[Black "bazar-wokzal"]
[Result "0-1"]
[WhiteElo "2062"]
[BlackElo "2502"]
[TimeControl "180+1"]
[EndTime "10:07:21 PDT"]
[Termination "bazar-wokzal won on time"]

1. e4 Nc6 2. Nf3 d5 3. exd5 Qxd5 4. Nc3 Qa5 5. Bb5 Nf6 6. O-O Bd7 7. d3 a6 8. Bc4 Bg4 9. h3 Bh5 10. d4 O-O-O 11. Be3 e5 12. Be2 Bxf3 13. Bxf3 exd4 14. Bxc6 bxc6 15. Bxd4 c5 16. Qf3 cxd4 17. Rad1 Bc5 18.
a3 Bb6 19. b4 Qh5 20. Qa8+ Kd7 21. Qxa6 Rhe8 22. a4 Ra8 23. Qc4 Ke7 24. Nb5 Qd5 25. Qxd5 Nxd5 26. a5 Ba7 27. Nxd4 Bxd4 28. Rxd4 c6 29.
Re1+ Kf6 30. Rdd1 Rxe1+ 31. Rxe1 Nxb4 32. c3 Nd5 33. Rc1 Rxa5 34. c4 Rc5 35. g3 Nb6 36. Kg2 Rxc4 37. Rd1 Nd5 0-1

[Event "*** Titled Tuesday Blitz"]
[Site "Chess.com"]
[Date "2021.03.16"]
[Round "1"]
[White "The_filthy"]
[Black "CSB7"]
[Result "1-0"]
[WhiteElo "2303"]
[BlackElo "2599"]
[TimeControl "180+1"]
[EndTime "10:07:22 PDT"]
[Termination "The_filthy won by resignation"]

1. e4 c5 2. Nf3 d6 3. d4 cxd4 4.
Nxd4 Nf6 5. Nc3 a6 6. Be3 e6 7. f3 b5 8. Qd2 b4 9. Nce2 a5 10. g4 Bb7 11. g5 Nfd7 12. O-O-O d5 13. exd5 Bxd5 14. Kb1 Be7 15. h4 a4 16. Nf4 Nb6 17.
Bb5+ N8d7 18. Nc6 Qc7 19. Bxb6 Nxb6 20. Nxd5 Nxd5 21. Nxb4+ Kf8 22. Nxd5 exd5 23. Qxd5 Rd8 24. Qe4 a3 25. Bc4 g6 26. Bb3 Kg7 27. f4 Rhe8 28. Rxd8 Rxd8 29. f5 Bd6 30. f6+ Kf8 31. h5 Be5 32. hxg6 fxg6 33. Qb4+ Qd6 34. Qxd6+ Rxd6 35. bxa3 Bf4 36. Rxh7 Rd1+ 37. Kb2 Be5+ 38. c3 Rd2+ 39. Kc1 Rh2 40. Rf7+ Ke8 41. Re7+ 1-0

[Event "*** Titled Tuesday Blitz"]
[Site "Chess.com"]
[Date "2021.03.16"]
[Round "1"]
[White "Fighter008"]
[Black "Nemsko"]
[Result "1-0"]
[WhiteElo "2630"]
[BlackElo "2307"]
[TimeControl "180+1"]
[EndTime "10:07:24 PDT"]
[Termination "Fighter008 won by resignation"]

1. e4 e5 2. Nf3 Nc6 3. Nc3 Nf6 4. Bb5 Bc5 5. O-O d6 6. d4 exd4 7. Nxd4 Bd7 8. Nf5 O-O 9. Bg5 a6 10. Bd3 Ne5 11. Nd5 Bxf5 12. Bxf6 gxf6 13. exf5 c6 14.
Nc3 Kh8 15. Ne4 Bb6 16. Qh5 d5 17. Ng3 Rg8 18. Rae1 Qc7 19. Re2 Rae8 20. Kh1 Nxd3 21. cxd3 Rxe2 22. Qxe2 Qe5 23. Qh5 Rg7 24. b3 Bc7 25. Qd1 Rg8 26. Re1 Qf4 27. Qe2 Be5 28.
Rf1 Qh4 29. Kg1 Qd4 30. Kh1 Qh4 31. Kg1 Qd4 32. Qh5 Rg7 33. Qf3 Qf4 34. Qxf4 Bxf4 35. Nh5 Be5 36. Nxg7 Kxg7 37. g3 Kf8 38. Kg2 Ke7 39.
f4 Bd4 40. Kf3 c5 41. g4 b5 42. Rd1 Bc3 43. h4 c4 44. dxc4 dxc4 45. bxc4 bxc4 46. Rc1 Be1 47. Rxe1+ 1-0

[Event "*** Titled Tuesday Blitz"]
[Site "Chess.com"]
[Date "2021.03.16"]
[Round "1"]
[White "SergeyShtyka"]
[Black "GMKrikor"]
[Result "0-1"]
[WhiteElo "2405"]
[BlackElo "2761"]
[TimeControl "180+1"]
[EndTime "10:07:25 PDT"]
[Termination "GMKrikor won by resignation"]

1. e4 c5 2. Nf3 d6 3. d4 cxd4 4. Nxd4 Nf6 5. Nc3 a6 6. Bc4 e6 7. O-O Be7 8. Be3 O-O 9. Bd3 b5 10. a3 Bb7 11. f4 Nbd7 12. Qf3 Rc8 13. Rae1 Re8 14. Kh1 Bf8 15. Bf2 g6 16. Bh4 Bg7 17.
Qh3 e5 18. fxe5 dxe5 19. Nf3 Qb6 20. Bf2 Qe6 21. Qxe6 Rxe6 22. h3 h6 23. Bg3 Nh5 24. Bh2 Nf4 25. Nxe5 Nxd3 26. Nxd3 Bxc3 27. bxc3 Rxc3 28.
a4 Rxc2 29. axb5 axb5 30. e5 Bxg2+ 31. Kg1 Bxf1 32. Rxf1 g5 33. Nb4 Rc3 34. Nd5 Rxh3 35. Kg2 Rxh2+ 36. Kxh2 Rxe5 37. Rd1 Kg7 38. Kg3 Nf6 39.
Nc3 Ne4+ 40. Nxe4 Rxe4 41. Rb1 b4 42. Kf3 Rf4+ 43. Kg3 Kg6 44. Rb3 f6 45. Kh3 h5 46.
Kg3 h4+ 0-1

[Event "*** Titled Tuesday Blitz"]
[Site "Chess.com"]
[Date "2021.03.16"]
[Round "1"]
[White "Soltan49"]
[Black "SchmakAttack"]
[Result "0-1"]
[WhiteElo "2198"]
[BlackElo "2543"]
[TimeControl "180+1"]
[EndTime "10:07:26 PDT"]
[Termination "SchmakAttack won on time"]

1. d4 Nf6 2. Nf3 d5 3. c4 e6 4. Nc3 dxc4 5. e3 a6 6. a4 c5 7. Bxc4 Nc6 8. O-O Be7 9. Qd3 cxd4 10. exd4 O-O 11. Rd1 b6 12. Bf4 Bb7 13. h3 Rc8 14. Rac1 Nb4 15. Qe2 Nfd5 16. Nxd5 Bxd5 17. Bxa6 Nxa6 18. Qxa6 Ra8 19. Qe2 Rxa4 20. Bc7 Qa8 21. Bxb6 Rb8 22. Bc5 Bxc5 23. dxc5 Rab4 24. Rd2 Rf4 25.
Ne1 h6 26. Qe5 Rf5 27. Qc7 Rc8 28. Qd6 Rg5 29. f3 Bxf3 30. Nxf3 Qxf3 31. Qd4 Qg3 32. Kh1 Rd5 33. Qb4 Qe3 34. Rdc2 Rc6 0-1

[Event "*** Titled Tuesday Blitz"]
[Site "Chess.com"]
[Date "2021.03.16"]
[Round "1"]
[White "Zufi1811"]
[Black "Tactickl"]
[Result "0-1"]
[WhiteElo "2416"]
[BlackElo "2788"]
[TimeControl "180+1"]
[EndTime "10:07:27 PDT"]
[Termination "Tactickl won on time"]

1. e4 c6 2. d4 d5 3. Nc3 g6 4. Nf3 Bg7 5. h3 dxe4 6. Nxe4 Nf6 7. Nxf6+ exf6 8. Bc4 O-O 9. O-O Nd7 10. Re1 Nb6 11. Bb3 Re8 12. a4 Be6 13. Bxe6 Rxe6 14.
Rxe6 fxe6 15. Qe2 Qd7 16. a5 Nd5 17. Bd2 Re8 18. c4 Ne7 19. Re1 Nf5 20. Bc3 h5 21. g4 hxg4 22. hxg4 Nd6 23. Qd3 g5 24.
Kf1 Kf7 25. Nh2 Rh8 26. Kg1 b5 27. axb6 axb6 28. Nf1 b5 29. b3 Nc8 30. Ng3 Ne7 31.
Nh5 Ng6 32. d5 cxd5 33. cxb5 e5 34. f3 Bf8 35. Ra1 Bc5+ 36. Kf1 Rb8 37. Ra6 Be7 38. b6 Rb7 39. Bd2 Qc6 40. Be3 d4 41. Bf2 Rxb6 42.
Ra7 Qb5 43. Qxb5 Rxb5 44. Ng3 Rxb3 45. Nf5 Rxf3 46. Kg2 Rf4 0-1

[Event "*** Titled Tuesday Blitz"]
[Site "Chess.com"]
[Date "2021.03.16"]
[Round "1"]
[White "Zhigalko_Sergei"]
[Black "NiranjanNavalgund"]
[Result "0-1"]
[WhiteElo "2937"]
[BlackElo "2494"]
[TimeControl "180+1"]
[EndTime "10:07:28 PDT"]
[Termination "NiranjanNavalgund won by checkmate"]

1. e4 e5 2. Nf3 Nc6 3. Bc4 Nf6 4. d3 h6 5. O-O d6 6. c3 g5 7. b4 a6 8. a4 Bg7 9. Bb3 Ne7 10. Nbd2 Ng6 11.
Nc4 O-O 12. Ne3 g4 13. Ne1 h5 14. g3 h4 15. Ra2 c6 16. Nf5 Bxf5 17. exf5 Ne7 18. f3 hxg3 19. fxg4 Nfd5 20. g5 Qb6+ 21.
Kh1 Nxc3 22. Qh5 d5 23. Rg2 Qxb4 24. Rxg3 Nxf5 25. Rh3 Rfd8 26. Rxf5 Rd7 27. g6 Qxb3 28. gxf7+ Kf8 29. Qh8+ Bxh8 30. Rxh8+ Kg7 31. Rxa8 Rxf7 32.
Rg5+ Kf6 33. Rg1 Qd1 34. Bg5+ Ke6 35. Re8+ Kd7 36. Rxe5 Ne2 37. Nf3 Nxg1 38. Nxg1 Rf1 39. Be3 Qf3# 0-1

[Event "*** Titled Tuesday Blitz"]
[Site "Chess.com"]
[Date "2021.03.16"]
[Round "1"]
[White "mbachez"]
[Black "Jospem"]
[Result "0-1"]
[WhiteElo "2476"]
[BlackElo "2919"]
[TimeControl "180+1"]
[EndTime "10:07:28 PDT"]
[Termination "Jospem won by resignation"]

1. e4 e5 2. Nf3 Nc6 3. Bb5 a6 4. Ba4 Nf6 5. O-O Nxe4 6. d4 Be7 7. dxe5 Nc5 8. Bb3 d6 9. exd6 Qxd6 10. h3 Qxd1 11.
Rxd1 Bf5 12. Nc3 Nxb3 13. cxb3 Bd6 14. Be3 O-O-O 15. Rac1 Rhe8 16. Nd4 Nxd4 17. Bxd4 Bf4 18. Be3 Rxe3 19. fxe3 Bxe3+ 20. Kf1 Bxc1 21. Rxc1 Rd2 22. Na4 Kb8 23. Re1 Bd7 24. Re7 Bb5+ 25. Kg1 Bc6 26. g4 Bxa4 27. bxa4 Rxb2 28. Rxf7 c5 29. Kf1 c4 30.
Ke1 Rxa2 31. Rxg7 b5 32. axb5 axb5 33. Rg5 Rb2 34. Kd1 c3 35. Kc1 b4 36. Rh5 Kc7 37. Rxh7+ Kc6 38. g5 Rg2 39. h4 b3 40. Rh6+ Kc5 0-1

[Event "*** Titled Tuesday Blitz"]
[Site "Chess.com"]
[Date "2021.03.16"]
[Round "1"]
[White "GMAkobianSTL"]
[Black "Rital44"]
[Result "1-0"]
[WhiteElo "2847"]
[BlackElo "2451"]
[TimeControl "180+1"]
[EndTime "10:07:29 PDT"]
[Termination "GMAkobianSTL won by checkmate"]

1. d4 Nf6 2. c4 g6 3. Nc3 Bg7 4. Nf3 O-O 5. Bg5 c5 6. d5 d6 7. e3 a6 8. a4 a5 9. Bd3 Na6 10. h3 Nb4 11. Bb1 h6 12. Bh4 e6 13.
O-O exd5 14. cxd5 Re8 15. e4 Bd7 16. Re1 Qc7 17. Nd2 Nh7 18. Nc4 b5 19. Nxb5 Bxb5 20. axb5 Ng5 21. Bg3 Bf8 22. b6 Qd7 23. Ra3 f6 24. h4 Nf7 25. h5 g5 26. Rf3 Kg7 27. Qd2 Qb5 28. Qc3 Be7 29. Bxd6 Qxc4 30. Qxc4 Bxd6 31. Qc3 Be5 32. Qxc5 Bxb2 33. b7 Ra6 34.
Rb3 Be5 35. Qc8 Nd6 36. Qd7+ Kf8 37. Rc1 Ra7 38. Rc7 f5 39. Qh7 Na6 40. Qxh6+ Kg8 41. Qg6+ Kf8 42. Rh7 Nc5 43. Rb6 Rxb7 44. Rbxb7 Ncxb7 45. exf5 Nd8 46. f6 N8f7 47. Qg7# 1-0